 Dungeon Crawl Stone Soup version 0.15.1-1-gfacfea3 (webtiles) character file.

35 Kashira the Chiller (level 3, 0/14 HPs)
             Began as a Felid Ice Elementalist on Sept 21, 2014.
             Succumbed to an adder's poison
             ... on Level 2 of the Dungeon.
             The game lasted 00:03:46 (1481 turns).

Kashira the Chiller (Felid Ice Elementalist)        Turns: 1481, Time: 00:03:46

HP   0/14        AC  1     Str  5      XL: 3   Next: 17%
MP   6/8         EV 18     Int 16      God:
Gold 67          SH  0     Dex 16      Spells:  3 memorised,  1 level left
Lives: 0, deaths: 0

rFire  . . .     SeeInvis +     (weapon unavailable)
rCold  . . .     Clarity  .     (armour unavailable)
rNeg   . . .     rCorr    .     (shield unavailable)
rPois  .         rRot     .     (helmet unavailable)
rElec  .         Spirit   .     (cloak unavailable)
SustAb .         Warding  .     (gloves unavailable)
rMut   .         Stasis   .     (boots unavailable)
Gourm  .                        (no amulet)
MR     .....                    (no ring)
                                (no ring)

@: lethally poisoned, quick, not resistant to hostile enchantments, fairly
stealthy
A: paw claws, no armour, no weapons or thrown items, fangs 3, see invisible,
carnivore 3, speed 1, shaggy fur 1, slow metabolism 1, jump 1
a: Jump Attack


You were on level 2 of the Dungeon.
You were very full.

You visited 1 branch of the dungeon, and saw 2 of its levels.

You collected 67 gold pieces.

Inventory:

Comestibles
 a - a royal jelly
 c - 2 meat rations
 f - a slice of pizza
 h - a beef jerky
Scrolls
 d - a scroll of enchant weapon
 g - a scroll of fear {unknown}
 i - a scroll of remove curse {unknown}
 j - a scroll of identify
Jewellery
 e - an uncursed ring of poison resistance
Books
 b - a book of Frost

   Spells                             Type                      Level
   *Freeze                            Ice                          1
   *Throw Frost                       Conjuration/Ice              2
   *Ozocubu's Armour                  Charms/Ice                   3
   Throw Icicle                       Conjuration/Ice              4
   Summon Ice Beast                   Ice/Summoning                4
   Condensation Shield                Ice                          4


   Skills:
 + Level 3.1 Dodging
 - Level 2.6 Stealth
 + Level 2.5 Spellcasting
 + Level 1.0 Conjurations
 + Level 3.3 Ice Magic


You had one spell level left.
You knew the following spells:

 Your Spells              Type           Power        Failure   Level  Hunger
a - Freeze                Ice            ##..         8%          1    #......
b - Throw Frost           Conj/Ice       #.....       14%         2    ##.....
c - Ozocubu's Armour      Chrm/Ice       #.......     34%         3    ###....


Dungeon Overview and Level Annotations

Branches:
Dungeon (2/15)

Altars:


Innate Abilities, Weirdness & Mutations

You cannot wear armour.
You are incapable of wielding weapons or throwing items.
Your paws have sharp claws.
You have razor-sharp teeth.
You have supernaturally acute eyesight.
You are carnivorous and can eat meat at any time.
You cover ground quickly.
You are covered in fur (AC +1).
You have a slow metabolism.
You can jump attack at a short distance.


Message History

* * * LOW HITPOINT WARNING * * *
Casting: Freeze
Confirm with . or Enter, or press ? or * to list all spells.
Aiming: Freeze
Press: ? - help, Shift-Dir - straight line, f/p - adder
Aim: an adder (lightly wounded, slow)
You freeze the adder.
The adder seems to slow down.
The adder is severely wounded.
The adder bites you.
* * * LOW HITPOINT WARNING * * *
You aren't carrying any potions.
Unknown command.
Read which item? (? for menu, Esc to quit)
Okay, then.
Read which item? (? for menu, Esc to quit)
As you read the scroll labeled BROETS ERI ZYA, it crumbles to dust.
It is a scroll of identify.
Identify which item? (\ to view known items) (? for menu, Esc to quit)
e - an uncursed ring of poison resistance You die...

#### ####### ...#
#.(...# ##..# #.....#
##..#######..<..#
#........##.....#
#.#......##(..).# .
#@#......##....>#
##.#S#......##.....#
##...S#......##(....#
..............##.....#
....###...[..##.....#
.... #......#..#.###
....###........##.#
............####.#
.########## ##.#


You could see 2 adders.

Vanquished Creatures
  An adder (D:2)
  A giant gecko (D:1)
  An ooze (D:1)
  A ball python (D:1)
  3 bats
  3 goblins (D:1)
  4 hobgoblins (D:1)
  A jackal (D:1)
  4 kobolds
  A giant newt (D:2)
  3 rats
23 creatures vanquished.

Notes
Turn   | Place    | Note
--------------------------------------------------------------
     0 | D:1      | Kashira, the Felid Ice Elementalist, began the quest for the Orb.
     0 | D:1      | Reached XP level 1. HP: 7/7 MP: 4/4
   347 | D:1      | Reached skill level 3 in Ice Magic
   548 | D:1      | Reached XP level 2. HP: 11/11 MP: 3/5
   731 | D:1      | Learned a level 2 spell: Throw Frost
  1416 | D:2      | Reached skill level 1 in Conjurations
  1421 | D:2      | Reached XP level 3. HP: 14/14 MP: 2/8
  1475 | D:2      | Learned a level 3 spell: Ozocubu's Armour
  1481 | D:2      | Succumbed to an adder's poison

Action                   || total
-------------------------++-------
Melee: Unarmed           ||     7
 Cast: Freeze            ||    42
       Throw Frost       ||     4
  Use: Scroll            ||     2
  Eat: Chunk             ||     8
